AoeStats
← Dodô Pressão

MegaRandom

505553110Analyzed
4v4 RM · 23d ago on Sep 9, 2026· 71m 30s· 8 players
Game mode
Random Map
Map size
Large (8 player)
Population
200
Speed
Normal
Resources
Standard
Victory
Conquest
Starting age
Dark Age
Ending age
Imperial Age
RankedLock teamsTeams togetherTeam positionsShared explorationLock speedFull tech treeHidden civsTurbo modeCheats
Victory
Defeat
🇧🇷 Lithuanians · Brazil
656
+12
🇨🇴 Chinese · Colombia
654
+12
🇨🇱 Khmer · Chile
620
+13
🇧🇷 Magyars · Brazil
555
+16
🇧🇷 Bohemians · Brazil
648
-16
🇲🇽 Spanish · Mexico
647
-16
🇺🇸 Shu · United States
499
-11
🇺🇸 Wei · United States
468
-10
mfuentesk
18:40 Feudal Age
20:01 Wheelbarrow
19:14 Double-Bit Axe
19:25 Gold Mining
19:27 Stone Mining
19:35 Horse Collar
20:37 Loom
24:24 Fletching
24:35 Padded Archer Armor
24:41 Scale Barding Armor
27:48 Castle Age
26:53 Forging
27:08 Bloodlines
29:12 Bodkin Arrow
29:32 Leather Archer Armor
29:38 Chain Barding Armor
29:05 Light Cavalry
30:00 Bow Saw
30:08 Heavy Plow
30:05 Pikeman
33:14 Hand Cart
34:20 Tusk Swords
43:41 Imperial Age
44:02 Elite Ballista Elephant
47:30 Gold Shaft Mining
47:33 Stone Shaft Mining
47:02 Bracer
47:32 Ring Archer Armor
48:06 Double Crossbow
51:22 Fortified Wall
53:38 Halberdier
55:31 Hussar
59:28 Onager
sarron5
6:59 Loom
13:20 Feudal Age
20:26 Castle Age
20:43 Horse Collar
21:05 Double-Bit Axe
30:17 Forging
35:42 Pikeman
36:41 Bloodlines
36:32 Husbandry
42:17 Wheelbarrow
42:06 Town Watch
43:33 Scale Barding Armor
49:02 Elite Skirmisher
58:44 Town Patrol
60:44 Iron Casting
66:08 Scale Mail Armor
66:01 Fletching
66:17 Squires
66:03 Arson
66:29 Thumb Ring
69:35 Imperial Age
67:21 Hand Cart
71:41 Blast Furnace
70:10 Halberdier
70:30 Elite Chu Ko Nu
Dodô Pressão
13:45 Feudal Age
19:09 Castle Age
18:28 Double-Bit Axe
18:27 Horse Collar
21:30 Heavy Plow
27:16 Wheelbarrow
30:50 Hand Cart
32:51 Corvinian Army
38:31 Imperial Age
38:56 Scale Barding Armor
38:39 Elite Magyar Huszar
40:48 Crossbowman
41:37 Thumb Ring
43:28 Gold Mining
43:30 Stone Mining
44:24 Arbalester
46:35 Gold Shaft Mining
46:02 Fletching
46:12 Padded Archer Armor
56:59 Chemistry
56:20 Ballistics
56:56 Chain Barding Armor
56:32 Bodkin Arrow
56:52 Leather Archer Armor
64:04 Bow Saw
66:30 Scale Mail Armor
66:31 Bracer
67:01 Ring Archer Armor
67:07 Plate Barding Armor
leticiav1995
1:18 Loom
13:21 Feudal Age
20:25 Castle Age
19:29 Double-Bit Axe
19:48 Horse Collar
20:25 Stone Mining
23:08 Bow Saw
23:55 Wheelbarrow
23:27 Heavy Plow
24:27 Caravan
25:15 Stone Shaft Mining
28:18 Hand Cart
28:32 Gold Mining
33:37 Imperial Age
31:20 Scale Barding Armor
32:31 Chain Barding Armor
32:11 Scale Mail Armor
32:12 Padded Archer Armor
33:07 Thumb Ring
34:41 Chain Mail Armor
36:22 Fletching
37:26 Hill Forts
38:05 Tower Shields
37:30 Elite Skirmisher
39:24 Hoardings
39:31 Plate Barding Armor
39:08 Forging
40:24 Two-Man Saw
39:50 Elite Leitis
41:14 Husbandry
41:26 Bloodlines
47:44 Crop Rotation
47:31 Cavalier
47:32 Light Cavalry
50:07 Chemistry
50:05 Leather Archer Armor
49:47 Bodkin Arrow
50:16 Ballistics
50:35 Iron Casting
51:05 Paladin
60:23 Pikeman
61:04 Squires
61:55 Ring Archer Armor
61:26 Bracer
62:25 Halberdier
A8lilduke92
1:02 Loom
10:58 Feudal Age
14:53 Wheelbarrow
15:38 Horse Collar
15:51 Double-Bit Axe
22:06 Gold Mining
22:35 Bloodlines
27:35 Castle Age
26:13 Forging
27:38 Scale Barding Armor
27:35 Scale Mail Armor
27:30 Fletching
30:29 Gold Shaft Mining
29:45 Stone Mining
30:09 Bow Saw
30:05 Heavy Plow
31:43 Hand Cart
31:45 Treadmill Crane
32:10 Murder Holes
32:31 Husbandry
31:52 Light Cavalry
33:12 Iron Casting
32:58 Chain Barding Armor
33:22 Caravan
33:53 Coinage
34:24 Town Watch
35:30 Ballistics
37:50 Imperial Age
36:28 Stone Shaft Mining
37:56 Tuntian
39:08 Conscription
39:26 Hoardings
39:20 Ming Guang Armor
40:00 Blast Furnace
39:28 Bodkin Arrow
40:43 Crop Rotation
39:52 Heavy Hei Guang Cavalry
42:25 Hussar
45:14 Elite Tiger Cavalry
46:54 Banking
48:55 Chemistry
48:11 Masonry
47:57 Guard Tower
48:17 Town Patrol
48:29 Bracer
s8dUke822
1:43 Loom
13:34 Feudal Age
14:55 Wheelbarrow
14:09 Double-Bit Axe
14:09 Horse Collar
18:00 Stone Mining
18:57 Town Watch
21:34 Padded Archer Armor
21:26 Fletching
22:48 Gold Mining
23:08 Arson
23:31 Scale Mail Armor
23:41 Forging
28:47 Castle Age
29:49 Bow Saw
30:00 Hand Cart
29:47 Bodkin Arrow
30:08 Leather Archer Armor
30:02 Thumb Ring
30:20 Heavy Plow
30:34 Crossbowman
31:35 Squires
31:20 Gambesons
32:52 Gold Shaft Mining
32:59 Elite Skirmisher
35:25 Caravan
38:33 Coiled Serpent Array
41:51 Imperial Age
40:58 Chain Mail Armor
41:16 Ballistics
40:54 Murder Holes
40:50 Guard Tower
44:00 Hoardings
43:54 Conscription
44:36 Bracer
46:42 Two-Man Saw
46:20 Ring Archer Armor
47:12 Guilds
47:15 Bolt Magazine
48:17 Arrowslits
48:40 Siege Engineers
49:59 Elite White Feather Guard
52:46 Arbalester
52:48 Heavy Cavalry Archer
62:24 Chemistry
61:15 Heated Shot
61:55 Masonry
67:12 Plate Mail Armor
68:10 Pikeman
Blinkstriker
11:16 Feudal Age
12:35 Wheelbarrow
11:51 Double-Bit Axe
11:51 Horse Collar
21:42 Castle Age
24:42 Fervor
24:50 Hand Cart
27:40 Chemistry
26:29 Town Watch
27:51 Pikeman
28:43 Fletching
31:13 Ballistics
30:53 Bodkin Arrow
32:16 Treadmill Crane
33:10 Forging
33:32 Scale Mail Armor
33:38 Squires
39:46 Imperial Age
39:27 Wagenburg Tactics
39:32 Padded Archer Armor
40:16 Murder Holes
39:56 Halberdier
41:38 Conscription
45:13 Siege Engineers
45:27 Leather Archer Armor
47:26 Bracer
47:58 Ring Archer Armor
51:44 Houfnice
52:38 Elite Skirmisher
davidquiroz302
11:06 Feudal Age
9:37 Loom
18:20 Castle Age
16:34 Double-Bit Axe
17:33 Horse Collar
18:31 Stone Mining
22:38 Scale Barding Armor
30:04 Heavy Plow
30:18 Bow Saw
33:13 Wheelbarrow
33:11 Chain Barding Armor
35:24 Ballistics
35:00 Murder Holes
36:07 Wheelbarrow
40:04 Imperial Age
38:20 Gold Mining
39:42 Inquisition
40:17 Hand Cart
40:25 Hand Cart
40:34 Caravan
41:12 Fervor
41:23 Sanctity
41:22 Block Printing
41:49 Conscription
41:44 Arson
42:44 Plate Barding Armor
42:49 Illumination
42:31 Devotion
43:01 Arrowslits
45:14 Hoardings
47:48 Elite Conquistador
Connection lost

Rejoining the realm…

Still unreachable

The connection could not be restored.

Session expired

The server has moved on; the page needs a fresh start.